 Seeded DCSS version 0.29-a0-541-gaf1fc19f1b (webtiles) character file.

Game seed: 5998305543906830551 (custom seed)

57 swifteh the Skirmisher (level 3, -1/33 HPs)
             Began as a Minotaur Fighter on June 2, 2022.
             Slain by a gnoll
             ... wielding a +0 club
              (2 damage)
             ... on level 3 of the Dungeon.
             The game lasted 00:04:52 (1296 turns).

swifteh the Skirmisher (Minotaur Fighter)           Turns: 1296, Time: 00:04:53

Health: -1/33      AC:  7    Str: 20    XL:     3   Next: 73%
Magic:  2/2        EV:  9    Int:  5    God:
Gold:   69         SH:  4    Dex: 11    Spells: 2/2 levels left

rFire   . . .      SeeInvis +   a - +0 flail
rCold   . . .      Faith    .   c - +0 buckler
rNeg    . . .      Spirit   .   b - +0 scale mail
rPois   .          Reflect  .   (helmet restricted)
rElec   .          Harm     .   (no cloak)
rCorr   .          Rampage  .   (no gloves)
Will    .....                   (no boots)
Stlth   ..........              (no amulet)
HPRegen 0.11/turn               j - ring of see invisible
MPRegen 0.08/turn               (no ring)

@: no status effects
A: horns 2, retaliatory headbutt
a: no special abilities


You were on level 3 of the Dungeon.
You visited 1 branch of the dungeon, and saw 3 of its levels.

You collected 69 gold pieces.

Inventory:

Hand Weapons
 a - a +0 flail (weapon)
Armour
 b - a +0 scale mail (worn)
 c - a +0 buckler (worn)
Jewellery
 j - a ring of see invisible (left hand)
Scrolls
 e - a scroll of enchant armour {unknown}
 f - a scroll of fear {unknown}
 h - 3 scrolls of identify {unknown}
 m - a scroll of vulnerability {unknown}
 n - a scroll of teleportation {unknown}
Potions
 d - a potion of might
 g - a potion of flight {unknown}
 i - a potion of curing {unknown}
 k - a potion of mutation {unknown}
 l - a potion of heal wounds {unknown}


   Skills:
 + Level 4.2 Fighting
 + Level 3.5 Maces & Flails
 + Level 4.2 Armour
 + Level 4.1 Shields


You had 2 spell levels left.
You didn't know any spells.
Your spell library was empty.

Dungeon Overview and Level Annotations

Branches:
Dungeon (3/15)

Altars:


Innate Abilities, Weirdness & Mutations

You have a pair of horns on your head.
You reflexively headbutt those who attack you in melee.


Message History

Found a stone staircase leading down.
The gnoll shouts! x2 2 orcs come into view.
Found an escape hatch in the ceiling.
The orc shouts! x2; You hear a shout! x3
An orc comes into view. It is wielding a +0 hand axe.
The orc moves out of view.
You closely miss the gnoll.
An orc comes into view. It is wielding a +0 club.
You hit the gnoll.
The gnoll is heavily wounded.
You hit the gnoll.
The gnoll is severely wounded.
The gnoll barely misses you. The gnoll hits you with a +0 club.
The gnoll hits you with a +0 flail. The gnoll hits you with a +0 club.
You barely miss the gnoll.
The gnoll is severely wounded.
The gnoll hits you with a +0 club. The gnoll closely misses you.
You furiously retaliate!
You headbutt the gnoll. You sock the gnoll!
You kill the gnoll!
A gnoll comes into view. It is wielding a +0 flail.
The gnoll hits you with a +0 club.
The orc throws a boomerang.
The boomerang closely misses you.
The gnoll shouts!
You block the gnoll's attack. The orc hits you with a +0 club.
Things that are here:
a +0 flail; a gnoll corpse The orc attacks as you move away!
The orc hits you with a +0 club. The gnoll hits you but does no damage.
You block the gnoll's attack. The gnoll attacks as you move away!
The gnoll hits you with a +0 club!
* * * LOW HITPOINT WARNING * * *
The gnoll attacks as you move away! The gnoll hits you with a +0 club.
* * * LOW HITPOINT WARNING * * *
The gnoll attacks as you move away! The gnoll hits you with a +0 club.
* * * LOW HITPOINT WARNING * * *
There is a stone staircase leading up here.
The gnoll hits you with a +0 club.
You die...

...
......>
#....#
.#
##.###.#
#o####
#< #.#
#g# #.
..# #.#
#.# #o#
#o# #g#
#@# #.#
#####.#
#.....#
#####.#
#.# #.#
#.# ###


You could see 2 gnolls and 3 orcs.

Vanquished Creatures
  A gnoll (D:3)
  2 adders (D:2)
  A bat (D:2)
  3 endoplasms
  A giant cockroach (D:1)
  3 goblins
  2 hobgoblins (D:1)
  5 jackals (D:1)
  4 kobolds
  3 ball pythons
  A rat (D:1)
26 creatures vanquished.

Vanquished Creatures (others)
  2 plants (D:2)
2 creatures vanquished.

Grand Total: 28 creatures vanquished

Notes
Turn   | Place    | Note
-------+----------+-------------------------------------------
     0 | D:1      | swifteh the Minotaur Fighter began the quest for the Orb.
     0 | D:1      | Reached XP level 1. HP: 19/19 MP: 0/0
   123 | D:1      | Found a faded altar of an unknown god.
   149 | D:1      | Reached XP level 2. HP: 27/27 MP: 1/1
   783 | D:2      | Reached XP level 3. HP: 33/33 MP: 2/2
  1289 | D:3      | HP: 1/33 [gnoll/+0 club (4)]
  1296 | D:3      | Slain by a gnoll

Illustrated notes

Levels and vault maps discovered:
D:1:      nzn_arrival_crosshair, layout_basic,
          hellmonk_ecumenical_altar_arch_garden
D:2:      layout_basic, serial_bayou_pond_e
D:3:      layout_basic, serial_shops, nicolae_shop_stone,
          minmay_misc_feat_diagonals, dreamdust_princess_corridor, uniq_terence

Skill      XL: |  1  2 |
---------------+-------+-----
Armour         | 4 |  4.2
Fighting       | 4 |  4.2
Shields        | 4 |  4.1
Maces & Flails | 3 |  3.5

Action                   || total
-------------------------++-------
Melee: Flail             ||    49
       Headbutt          ||     4
  Use: Scroll            ||     1
Armor: Scale mail        ||    18
Dodge: Dodged            ||    22
Block: Buckler           ||    10

Table legend: (Time is in decaauts)
 A = Elapsed time spent in this place.
 B = Non-inter-level travel time spent in this place.
 C = Inter-level travel time spent in this place.
 D = Time resting spent in this place.
 E = Time spent auto-exploring this place.
 F = Levels seen in this place.
 G = Mean time per level.
                   A        B        C        D        E       F      G
               +--------+--------+--------+--------+--------+-----+--------+
         Total |   1317 |   1317 |      0 |      6 |    758 |   3 |  439.0 |
       Dungeon |   1317 |   1317 |      0 |      6 |    758 |   3 |  439.0 |
               +--------+--------+--------+--------+--------+-----+--------+

Top non-repeatable levels by time:
     D:1: 747 daAuts
     D:2: 518 daAuts
     D:3: 51 daAuts
